Description

Reaper Expand, MMM Bio

Replay - Maru v Stats: Game 2 - Blackpink LE

Build Order

Get SALT Encoding   

  12  0:00  SCV  
  13  0:12  SCV  
  14  0:17  Supply Depot  
  14  0:24  SCV  
  15  0:29  Refinery  
  15  0:39  SCV  
  16  0:44  Barracks  
  16  0:51  SCV  
  17  1:03  SCV  
  18  1:15  SCV  
  19  1:31  Reaper, Orbital Command  
  20  1:48  Command Center  
  20  1:53  Factory  
  20  1:57  SCV  
  21  2:06  Barracks Reactor  
  21  2:08  Supply Depot  
  21  2:10  SCV  
  22  2:22  SCV  
  23  2:36  SCV  
  24  2:42  Command Center  
  24  2:46  Hellion  
  24  2:48  Hellion  
  28  2:51  Barracks Tech Lab  
  28  2:53  SCV  
  29  3:01  Orbital Command  
  29  3:05  SCV  
  30  3:16  Marine x2  
  30  3:18  SCV  
  33  3:22  Siege Tank  
  36  3:30  SCV  
  36  3:33  SCV  
  38  3:35  Marine x2  
  40  3:41  Barracks  
  40  3:42  SCV  
  40  3:45  SCV  
  40  3:46  Barracks  
  42  3:51  Engineering Bay  
  42  3:54  SCV  
  44  3:56  Orbital Command  
  44  3:57  SCV  
  44  4:06  SCV  
  44  4:07  Factory Tech Lab  
  44  4:09  SCV  
  47  4:14  Refinery  
  47  4:16  Marauder  
  48  4:17  Stimpack  
  48  4:18  SCV  
  48  4:21  SCV  
  48  4:22  SCV, Refinery  
  51  4:27  Missile Turret  
  51  4:28  Supply Depot  
  51  4:34  SCV  
  51  4:35  Terran Infantry Weapons Level 1  
  52  4:40  Marine  
  52  4:42  Marine  
  52  4:43  SCV  
  54  4:52  Marauder, Marine, Bunker  
  53  4:55  SCV  
  53  4:56  SCV x2  
  53  4:58  Marine  
  57  5:01  Starport  
  57  5:02  Marine  
  57  5:06  Factory Reactor  
  58  5:07  Supply Depot  
  58  5:08  SCV x2  
  60  5:14  Barracks  
  60  5:17  Barracks  
  60  5:24  Marauder x2  
  60  5:26  SCV  
  65  5:28  Refinery  
  65  5:31  Supply Depot  
  65  5:34  Combat Shields, Marine x2  
  67  5:40  SCV x2  
  69  5:44  Supply Depot  
  69  5:48  Medivac  
  69  5:49  Medivac  
  73  5:50  SCV  
  73  5:52  SCV  
  73  5:54  Marine  
  73  5:55  Marauder x2, Marine  
  73  5:56  Orbital Command  
  81  6:00  Supply Depot  
  81  6:02  Barracks Reactor  
  81  6:03  Barracks Tech Lab  
  81  6:04  Missile Turret  
  81  6:08  Factory Reactor  
  81  6:12  Marine x2  
  81  6:14  Supply Depot, SCV x2  
  81  6:16  Marauder x2  
  89  6:20  Concussive Shells  
  89  6:22  SCV  
  89  6:24  Medivac  
  92  6:26  SCV  
  92  6:29  SCV  
  92  6:33  Marine x2  
  92  6:34  SCV, Marauder  
  92  6:37  Supply Depot  
  92  6:38  SCV, Marauder  
  100  6:41  SCV  
  100  6:42  Medivac  
  100  6:44  Marine x2  
  100  6:45  Marauder  
  100  6:46  SCV  
  108  6:49  Supply Depot  
  108  6:51  Supply Depot  
  108  6:58  Medivac  
  108  6:59  Widow Mine x2, Marauder, Marine  
  117  7:06  SCV  
  117  7:09  SCV, Marine  
  117  7:11  Marauder x2, Marine  
  117  7:20  Marauder  
  110  7:23  Marine  
  110  7:24  Marine  
  110  7:27  Marine  
  102  7:31  Marine  
  102  7:33  Marauder x2  
  105  7:38  SCV x3  
  105  7:40  Marine  
  105  7:42  Marauder, Marine  
  110  7:45  Marine  
  110  7:49  Widow Mine x2, Marine  
  110  7:50  SCV x2  
  118  7:54  Marauder  
  118  7:55  Terran Infantry Armor Level 1  
  118  7:56  Marine  
  117  7:59  Marine  
  117  8:00  Marine  
  117  8:03  Marauder  
  119  8:11  Widow Mine x2  
  119  8:12  Medivac  
  115  8:15  Marine  
  115  8:16  SCV, Marauder x2, Marine  
  115  8:17  SCV x2  
  120  8:23  Supply Depot x2  
  120  8:26  Medivac  
  122  8:29  SCV  
  122  8:32  Missile Turret  
  123  8:34  Missile Turret  
  123  8:38  Marine x2  
  125  8:44  SCV x2, Marauder x2  
  125  8:46  Marauder, Marine x2  
  134  8:50  Widow Mine x2  
  134  8:54  SCV  
  137  8:55  Marine  
  137  8:56  Marine  
  137  9:01  Medivac  
  133  9:03  Marine  
  133  9:04  Marine  
  133  9:06  Marauder x2  
  133  9:08  Marauder  
  138  9:13  Marine x2  
  131  9:21  SCV x2, Marine  
  131  9:22  SCV  
  131  9:25  Armory, Engineering Bay  
  131  9:27  Marauder x2  
  131  9:29  Marauder, Marine  
  138  9:31  Marine  
  138  9:35  Supply Depot  
  138  9:38  Marine  
  136  9:46  Marine  
Spawning Tool Build Advisor. Get it on Overwolf

Analysis

Reaper Expand, MMM Bio

Go to:

Details

  • Created by: SuperNinja
  • Published on: Apr 03, 2018
  • Modified on: Apr 03, 2018
  • Patch: 4.0.0
Show
View Real Time Build Order
Export as new Build Order

Comments (0)

There are no comments. Be the first!

Create an account to comment!